 Dungeon Crawl Stone Soup version 0.28.0-1-gb440e238dd (webtiles) character file.

Game seed: 9753694968193009592

56 Kaptain the Digger (level 3, -1/27 HPs)
             Began as a Demigod Earth Elementalist on Feb 20, 2022.
             Slain by a gnoll (15 damage)
             ... on level 2 of the Dungeon.
             The game lasted 00:02:58 (1692 turns).

Kaptain the Digger (Demigod Earth Elementalist)     Turns: 1692, Time: 00:02:59

Health: -1/27      AC:  2    Str:  9    XL:     3   Next: 48%
Magic:  9/9        EV: 16    Int: 21    God:
Gold:   74         SH:  0    Dex: 14    Spells: 5/6 levels left

rFire   . . .      SeeInvis .   k - +0 short sword
rCold   . . .      Faith    .   (no shield)
rNeg    . . .      Spirit   .   b - +0 robe
rPois   .          Reflect  .   (no helmet)
rElec   .          Harm     .   (no cloak)
rCorr   .          Rampage  .   (no gloves)
Will    .....                   (no boots)
Stlth   ++........              (no amulet)
HPRegen 0.09/turn               h - +4 ring of evasion
MPRegen 0.11/turn               (no ring)

@: no status effects
A: high MP 1, forlorn, divine attributes
a: no special abilities


You were on level 2 of the Dungeon.
You visited 1 branch of the dungeon, and saw 2 of its levels.

You collected 74 gold pieces.

Inventory:

Hand Weapons
 i - a +0 dagger
 k - a +0 short sword (weapon)
Missiles
 j - 2 poisoned darts
Armour
 b - a +0 robe (worn)
Jewellery
 h - a +4 ring of evasion (left hand)
Scrolls
 a - 3 scrolls of teleportation {unknown}
 d - 2 scrolls of amnesia {unknown}
 e - a scroll of blinking {unknown}
 n - 2 scrolls of identify {unknown}
 p - a scroll of fog {unknown}
Potions
 c - a potion of cancellation {unknown}
 f - 2 potions of might {unknown}
 g - a potion of lignification {unknown}
 l - 4 potions of curing {unknown}
 m - a potion of mutation {unknown}
 o - a potion of degeneration {unknown}


   Skills:
 + Level 0.8 Fighting
 + Level 0.6 Armour
 + Level 2.0 Dodging
 + Level 2.1 Stealth
 * Level 2.4 Spellcasting
 - Level 0.8 Transmutations
 * Level 3.1 Earth Magic


You had 5 spell levels left.
You knew the following spells:

 Your Spells              Type           Power      Damage    Failure   Level
a - Sandblast             Erth           30%        2d9       4%          1

Your spell library contained the following spells:

 Spells                   Type           Power      Damage    Failure   Level
 Passwall                 Tmut/Erth      8%         N/A       10%         2
 Animate Skeleton         Necr           4%         N/A       14%         1
 Pain                     Necr           8%         1d4       14%         1
 Stone Arrow              Conj/Erth      18%        3d8       22%         3
 Vampiric Draining        Necr           2%         2d6       38%         3
 Petrify                  Tmut/Erth      10%        N/A       52%         4


Dungeon Overview and Level Annotations

Branches:
Dungeon (2/15)


Innate Abilities, Weirdness & Mutations

You have an increased reservoir of magic. (+10% MP)
You shall have no god before yourself.
Your divine heritage dramatically boosts your attributes as you level up.


Message History

Unknown command.
Casting: Sandblast (safe; 4% risk of failure)
Confirm with . or Enter, or press ? or * to list all spells.
You don't have any stones to cast with.
Unknown command.
Unknown command.
Casting: Sandblast (safe; 4% risk of failure)
Confirm with . or Enter, or press ? or * to list all spells.
You don't have any stones to cast with.
Unknown command.
Unknown command.
Casting: Sandblast (safe; 4% risk of failure)
Confirm with . or Enter, or press ? or * to list all spells.
You don't have any stones to cast with.
Unknown command.
Unknown command.
Unknown command.
You hit the gnoll.
The gnoll is lightly wounded.
The gnoll hits you with a +0 halberd.
You barely miss the gnoll. Your punch misses the gnoll.
The gnoll is lightly wounded.
The gnoll misses you.
You hit the gnoll.
The gnoll is heavily wounded.
The gnoll completely misses you.
A gnoll comes into view. It is wielding a +0 spear.
You hit the gnoll.
The gnoll is severely wounded.
The gnoll hits you with a +0 halberd.
You hit the gnoll but do no damage.
The gnoll is severely wounded.
A gnoll comes into view. It is wielding a +0 whip.
The gnoll closely misses you. x2
You hit the gnoll.
The gnoll is severely wounded.
The gnoll closely misses you. The gnoll misses you.
The gnoll hits you with a +0 halberd!
Ouch! That really hurt!
You die...

### ## #.####### .#
#.......# ..
#######.#####.# .#
........# #.# .#
.############.###.##.##
..........#.....@.gg..#
..........#....g......#
..........#...........#
.......####...........#
##### ...#####
#............# #....
...# #.....<......#
#.... ...#
#............# #....
...#######............#
#.[..
..................
#####


You could see 3 gnolls.

Vanquished Creatures
  2 adders (D:2)
  2 ball pythons (D:1)
  10 endoplasms
  A giant cockroach (D:1)
  2 hobgoblins (D:1)
  2 jackals (D:1)
  5 kobolds
  3 bats
  4 frilled lizards (D:1)
  2 goblins
  A rat (D:1)
34 creatures vanquished.

Notes
Turn   | Place    | Note
-------+----------+-------------------------------------------
     0 | D:1      | Kaptain the Demigod Earth Elementalist began the quest for
                  | the Orb.
     0 | D:1      | Reached XP level 1. HP: 14/14 MP: 5/5
   184 | D:1      | Reached XP level 2. HP: 19/20 MP: 4/7
   642 | D:1      | Reached skill level 3 in Earth Magic
   952 | D:2      | Reached XP level 3. HP: 27/27 MP: 6/9
  1692 | D:2      | Slain by a gnoll

Illustrated notes

Levels and vault maps discovered:
D:1:      minmay_arrival_checkered_box, layout_rooms
D:2:      layout_basic

Skill      XL: |  1  2 |
---------------+-------+-----
Spellcasting   | 2 |  2.4
Stealth        | 2 |  2.1
Dodging        | 2 |  2.0
Earth Magic    | 3 |  3.1
Fighting       | |  0.8
Armour         | |  0.6
Transmutations | |  0.8

Action                   || total
-------------------------++-------
Melee: Unarmed           ||     1
       Dagger            ||    12
       Short sword       ||    33
 Cast: Sandblast         ||    33
 Stab: Sleeping          ||     2
Armor: Robe              ||     7
Dodge: Dodged            ||    33
